 Dungeon Sprint DCSS version 0.30-a0-1103-g25895a7845 (webtiles) character file.

Game seed: 2049421087254078512

6916 dduke234 the Nimble (level 11, -25/93 HPs)
             Began as a Gnoll Monk on Apr 18, 2023.
             Was the Champion of Kikubaaqudgha.
             Killed from afar by Jigiec the pandemonium lord (30 damage)
             ... with a bolt of dispelling energy
             ... in the Dungeon (Sprint V: "Ziggurat Sprint").
             The game lasted 00:07:50 (224 turns).

dduke234 the Nimble (Gnoll Monk)                     Turns: 224, Time: 00:07:53

Health: -25/93     AC: 31    Str: 29    XL:     11   Next: 7%
Magic:  23/24      EV:  7    Int: 12    God:    Kikubaaqudgha [******]
Gold:   0          SH: 30    Dex: 18    Spells: 28/28 levels left

rFire   . . .      SeeInvis +    D - +16 obsidian axe {drain, demonic, Mesm Drain Fly SInv}
rCold   . . .      Faith    +    F - +18 shield of the Gong {Loud rN+ Will+ rCorr EV-5}
rNeg    + . .      Spirit   .    E - +15 Maxwell's patent armour {-Cast -Tele rElec Will+ rCorr}
rPois   .          Reflect  .    (no helmet)
rElec   +          Rampage  .    (no cloak)
rCorr   +          NoTele   +    L - +1 pair of gloves {Dex+3}
Will    ++...      NoCast   +    (no boots) Stlth
                                 N - amulet "Hero's Friend" {Faith Str+3 Int+2 SInv}
HPRegen 0.35/turn                C - +6 ring of strength
MPRegen 0.19/turn                B - +6 ring of strength

@: flying, mesmerised
A: fangs 1, strong nose, distributed training
a: Renounce Religion, Unearth Wretches, Torment, Brand Weapon With Pain, Receive
Forbidden Knowledge


You were in the Dungeon.
You worshipped Kikubaaqudgha.
Kikubaaqudgha was exalted by your worship.
You visited 1 branch

Inventory:

Hand Weapons
 a - a +0 mace
 D - the +16 obsidian axe (weapon) {drain, demonic, Mesm Drain Fly SInv}
   (You found it in the Dungeon)

   Mesm:      Its wielder is mesmerised by any visible foes, and it cannot be
   unequipped while any foes are visible.
   SInv:      It lets you see invisible.
   Fly:       It grants you flight.
   Drain:     It drains your maximum health when unequipped.
Armour
 b - a +0 robe
 d - an orb of light
 E - the +15 Maxwell's patent armour (worn) {-Cast -Tele rElec Will+ rCorr}
   (You found it in the Dungeon)

   rElec:     It insulates you from electricity.
   -Cast:     It prevents spellcasting.
   -Tele:     It prevents most forms of teleportation.
   rCorr:     It protects you from acid and corrosion.
   Will:      It increases your willpower.
 F - the +18 shield of the Gong (worn) {Loud rN+ Will+ rCorr EV-5}
   (You found it in the Dungeon)

   Loud:      It is deafeningly noisy when blocking attacks.
   EV:        It affects your evasion (-5).
   rN:        It protects you from negative energy.
   rCorr:     It protects you from acid and corrosion.
   Will:      It increases your willpower.
 L - a +1 pair of gloves of dexterity (worn)
Jewellery
 w - a ring of flight
 x - a +6 ring of dexterity
 y - a +6 ring of dexterity
 z - a +6 ring of intelligence
 A - a +6 ring of intelligence
 B - a +6 ring of strength (right hand)
 C - a +6 ring of strength (left hand)
 H - the ring "Cura" {rF+ Int+6}
   (You found it in the Dungeon)

   [ring of intelligence]

   Int:       It affects your intelligence (+6).
   rF:        It protects you from fire.
 I - the amulet "Pedghybaj" {Fragile rC+ rN+ Regen+ Str+3}
   (You found it in the Dungeon)

   [amulet of regeneration]

   Str:       It affects your strength (+3).
   rC:        It protects you from cold.
   rN:        It protects you from negative energy.
   Regen:     It increases your rate of health regeneration.
   Fragile:   It will be destroyed if unequipped.
 J - an amulet of the acrobat
 N - the amulet "Hero's Friend" (around neck) {Faith Str+3 Int+2 SInv}
   (You found it in the Dungeon)

   [amulet of faith]

   It allows you to gain divine favour quickly.
   Str:       It affects your strength (+3).
   Int:       It affects your intelligence (+2).
   SInv:      It lets you see invisible.
 P - a +6 ring of strength
Wands
 t - a wand of mindburst (7)
 u - a wand of iceblast (10)
 v - a wand of light (7)
 K - a wand of polymorph (4)
 M - a wand of digging (3)
 O - a wand of paralysis (3)
Scrolls
 j - 4 scrolls of blinking
 p - 4 scrolls of amnesia
 q - 9 scrolls of fog
 r - 5 scrolls of identify
 s - 2 scrolls of fear
 G - 4 scrolls of enchant weapon
Potions
 c - a potion of ambrosia
 e - 10 potions of curing
 f - 9 potions of heal wounds
 g - 6 potions of haste
 h - 7 potions of magic
 i - 3 potions of berserk rage
 k - 2 potions of brilliance
 l - 2 potions of invisibility
 m - 4 potions of resistance
 o - 4 potions of might


   Skills:
 + Level 11.1 Fighting
 + Level 9.0 Short Blades
 + Level 9.0 Long Blades
 + Level 9.0 Axes
 + Level 11.1 Maces & Flails
 + Level 9.0 Polearms
 + Level 9.0 Staves
 + Level 9.0 Ranged Weapons
 + Level 9.0 Throwing
 + Level 9.0 Armour
 + Level 11.1 Dodging
 + Level 9.0 Stealth
 + Level 9.0 Shields
 + Level 9.0 Unarmed Combat
 + Level 9.0 Spellcasting
 + Level 7.5 Conjurations
 + Level 7.5 Hexes
 + Level 7.5 Summonings
 + Level 7.5 Necromancy
 + Level 7.5 Translocations
 + Level 7.5 Transmutations
 + Level 7.5 Fire Magic
 + Level 7.5 Ice Magic
 + Level 7.5 Air Magic
 + Level 7.5 Earth Magic
 + Level 7.5 Poison Magic
 + Level 9.9 Invocations
 + Level 9.0 Evocations


You had 28 spell levels left.
You didn't know any spells.
Your spell library contained the following spells:

 Spells                   Type           Power      Damage    Failure   Level
 Magic Dart               Conj           92%        1d7       12%         1
 Necrotise                Necr           92%        1d8       12%         1
 Blink                    Tloc           46%        N/A       17%         2
 Cigotuvi's Dreadful Rot  Necr/Pois/Air  46%        N/A       17%         2
 Ensorcelled Hibernation  Hex/Ice        46%        N/A       17%         2
 Passwall                 Tmut/Erth      19%        N/A       17%         2
 Searing Ray              Conj           46%        2d6       17%         2
 Sublimation of Blood     Necr           23%        N/A       17%         2
 Swiftness                Air            23%        N/A       34%         3
 Vampiric Draining        Necr           23%        2d7       34%         3
 Anguish                  Hex/Necr       11%        N/A       75%         4
 Cause Fear               Hex            11%        N/A       75%         4
 Dispel Undead            Necr           23%        3d12      75%         4
 Fulminant Prism          Conj/Hex       11%        3d9       75%         4
 Manifold Assault         Tloc           23%        N/A       75%         4
 Summon Ice Beast         Ice/Summ       23%        N/A       75%         4
 Borgnjor's Vile Clutch   Necr/Erth      11%        N/A       97%         5
 Summon Mana Viper        Hex/Summ       23%        N/A       97%         5
 Death Channel            Necr           11%        N/A       100%        6
 Dragon Form              Tmut           11%        N/A       100%        7
 Monstrous Menagerie      Summ           11%        N/A       100%        7
 Storm Form               Tmut/Air       11%        N/A       100%        7
 Borgnjor's Revivificati  Necr           11%        N/A       100%        8
 Necromutation            Tmut/Necr      11%        N/A       100%        8
 Death's Door             Necr           11%        N/A       100%        9
 Dragon's Call            Summ           11%        N/A       100%        9


Dungeon Overview and Level Annotations

Branches:
Dungeon (1/1)

Altars:
Ashenzari
Cheibriados
Dithmenos
Elyvilon
Fedhas
Gozag
Hepliaklqana
Kikubaaqudgha
Makhleb
Nemelex Xobeh
Okawaru
Qazlal
Ru
Sif Muna
Trog
Uskayaw
Vehumet
Wu Jian
Xom
Yredelemnul
Zin
The Shining One
Jiyva
Lugonu


Innate Abilities, Weirdness & Mutations

You have very sharp teeth.
Your uncanny sense of smell can sniff out nearby items.
Your experience applies equally to all skills.


Message History

You have reached level 11!
Visions of slaying Zoafem flood into your mind.
The chaos spawn is engulfed in freezing vapours.
The shadow imp is engulfed in freezing vapours. x2
You feel very mighty all of a sudden.
The chaos spawn is engulfed in freezing vapours.
The shadow imp is engulfed in freezing vapours. x2
Jigiec is engulfed in freezing vapours.
Really fly into that cloud of freezing vapour? [Y]es or [N]o only, please.
Really fly into that cloud of freezing vapour?
Okay, then.
The shadow imp is engulfed in freezing vapours.
You slash Zoafem!
Zoafem is lightly wounded.
You are engulfed in freezing vapours.
Zoafem tentacle-slaps you!!
* * * LOW HITPOINT WARNING * * *
You block Zoafem's attack.
PANG!
The white imp gestures at you. You block the puff of frost.
PANG!
The shadow imp is engulfed in freezing vapours.
Jigiec gestures at you.
The bolt of dispelling energy hits you!!
Your magical effects are unravelling.
* * * LOW HITPOINT WARNING * * *
You miss Zoafem. Your bite misses Zoafem.
Zoafem is lightly wounded.
You slash Jigiec!
Visions of slaying Jigiec flood into your mind.
You are engulfed in freezing vapours.
You feel a little less mighty now. You block Zoafem's attack.
GONNNNG!
Jigiec gestures at you.
The bolt of dispelling energy hits you!!
Your magical effects are unravelling.
You die...
Kikubaaqudgha rasps: "You have failed me!
Welcome... death!"

▓..8©8..▓
▓..[[[/...▓....[..▓
▓...|::...▓..."[..▓
▓..°°4....▓.......▓
▓...°○°...▓.).))).▓
▓...○°.5..▓...)...▓
▓..○455...▓.......▓
▓.▓○&○°.▓.▓.▓...▓.▓
▓..°@&°...▓...©...▓
∆
▓▓▓▓▓▓▓▓▓▓▓▓▓▓▓▓▓▓▓
▓..8©8..▓ ∆∆∆∆∆
▓....|..▓ ∆∆∆
▓..[....▓ ▓.......▓
▓...))).▓ ▓..()...▓
▓.......▓


You could see Jigiec (mesmerising), Zoafem (clouds), a chaos spawn, a red devil,
a white imp and 2 shadow imps.

Vanquished Creatures
  A wretched star (D)
  A merfolk (D)
  A wind drake (D)
  2 tarantellas (D)
  2 slime creatures (D)
  A floating eye (D)
  A centaur (D)
  A scorpion (D)
  A quasit (D)
  3 orc priests (D)
  2 orc wizards (D)
16 creatures vanquished.

Vanquished Creatures (collateral kills)
  A cyclops (D)
  An orange demon (D)
  A merfolk (D)
  A slime creature (D)
  A floating eye (D)
  A centaur (D)
  An iron imp (D)
  An orc priest (D)
  2 jellies (D)
  An ufetubus (D)
  2 orcs (D)
  An endoplasm (D)
14 creatures vanquished.

Grand Total: 30 creatures vanquished

Notes
Turn   | Place    | Note
-------+----------+-------------------------------------------
     0 | D        | dduke234 the Gnoll Monk began the quest for the Orb.
     0 | D        | Reached XP level 1. HP: 23/23 MP: 1/1
     0 | D        | Found a shimmering blue altar of Sif Muna.
     0 | D        | Found a bloodstained altar of Trog.
     0 | D        | Found a sacrificial altar of Ru.
     0 | D        | Found a stormy altar of Qazlal.
     0 | D        | Found an iron altar of Okawaru.
     1 | D        | Found a sparkling altar of Nemelex Xobeh.
     1 | D        | Found a blossoming altar of Fedhas.
     1 | D        | Found the +6 Majin-Bo {spellvamp, MP+6 Int+6}
     1 | D        | Found the +27 heavy crossbow "Sniper" {heavy, Acc+∞ SInv}
     1 | D        | Found the +10 dark maul {heavy}
     1 | D        | Found the +15 Maxwell's patent armour {-Cast -Tele rElec
                  | Will+ rCorr}
     1 | D        | Found the +18 shield of the Gong {Loud rN+ Will+ rCorr
                  | EV-5}
     1 | D        | Found the +16 obsidian axe {drain, demonic, Mesm Drain Fly
                  | SInv}
     1 | D        | Found the +7 great mace "Firestarter" {flame, immolate,
                  | rFlCloud rF++}
     1 | D        | Found the +6 shillelagh "Devastator" {shatter}
     1 | D        | Found the +11 plutonium sword {Contam Stlth-}
     1 | D        | Found the +8 lance "Wyrmbane" {slay drac, rPois rF+ rC+
                  | AC+3}
     1 | D        | Found the +9 sword of Zonguldrok {reap}
     1 | D        | Found the +13 scythe of Curses {drain, curses, Drain}
     1 | D        | Found the +9 sword of Power {lifebolt}
     1 | D        | Found the +7 mace of Variability {chaos, chaos arc}
     1 | D        | Found the +11 Singing Sword {sonic wave}
     1 | D        | Found the +8 storm bow {elec, penet}
     3 | D        | Found a transporter.
     3 | D        | Found an ancient bone altar of Kikubaaqudgha.
     3 | D        | Found a viscous altar of Jiyva.
     3 | D        | Found a corrupted altar of Lugonu.
     3 | D        | Found a hazy altar of Hepliaklqana.
     3 | D        | Found a burning altar of Makhleb.
     3 | D        | Found an opulent altar of Gozag.
    61 | D        | Became a worshipper of Kikubaaqudgha
    61 | D        | Reached * piety under Kikubaaqudgha
    61 | D        | Received a gift from Kikubaaqudgha
    61 | D        | Reached ** piety under Kikubaaqudgha
    68 | D        | Entered arena 2.
    68 | D        | Noticed an orc priest
    68 | D        | Noticed an orc wizard
    68 | D        | Found a transporter.
    71 | D        | Killed an orc wizard
    72 | D        | Reached skill level 1 in Short Blades
    72 | D        | Reached skill level 1 in Long Blades
    72 | D        | Reached skill level 1 in Axes
    72 | D        | Reached skill level 1 in Polearms
    72 | D        | Reached skill level 1 in Staves
    72 | D        | Reached skill level 1 in Ranged Weapons
    72 | D        | Reached skill level 1 in Throwing
    72 | D        | Reached skill level 1 in Armour
    72 | D        | Reached skill level 1 in Stealth
    72 | D        | Reached skill level 1 in Shields
    72 | D        | Reached skill level 1 in Unarmed Combat
    72 | D        | Reached skill level 1 in Spellcasting
    72 | D        | Reached skill level 1 in Conjurations
    72 | D        | Reached skill level 1 in Hexes
    72 | D        | Reached skill level 1 in Summonings
    72 | D        | Reached skill level 1 in Necromancy
    72 | D        | Reached skill level 1 in Translocations
    72 | D        | Reached skill level 1 in Transmutations
    72 | D        | Reached skill level 1 in Fire Magic
    72 | D        | Reached skill level 1 in Ice Magic
    72 | D        | Reached skill level 1 in Air Magic
    72 | D        | Reached skill level 1 in Earth Magic
    72 | D        | Reached skill level 1 in Poison Magic
    72 | D        | Reached skill level 1 in Evocations
    72 | D        | Reached XP level 2. HP: 22/29 MP: 1/4
    72 | D        | Reached XP level 3. HP: 27/35 MP: 1/5
    81 | D        | Entered arena 3.
    81 | D        | Noticed a scorpion
    81 | D        | Noticed a tarantella
    81 | D        | Noticed a tarantella
    81 | D        | Found a transporter.
    85 | D        | Killed a tarantella
    86 | D        | Reached XP level 4. HP: 39/44 MP: 2/10
    86 | D        | Reached XP level 5. HP: 43/49 MP: 2/11
    86 | D        | Reached XP level 6. HP: 50/56 MP: 2/12
    87 | D        | Reached skill level 5 in Invocations
    89 | D        | Killed a tarantella
    89 | D        | Reached *** piety under Kikubaaqudgha
    89 | D        | Received a gift from Kikubaaqudgha
    90 | D        | Reached skill level 5 in Short Blades
    90 | D        | Reached skill level 5 in Long Blades
    90 | D        | Reached skill level 5 in Axes
    90 | D        | Reached skill level 5 in Polearms
    90 | D        | Reached skill level 5 in Staves
    90 | D        | Reached skill level 5 in Ranged Weapons
    90 | D        | Reached skill level 5 in Throwing
    90 | D        | Reached skill level 5 in Armour
    90 | D        | Reached skill level 5 in Stealth
    90 | D        | Reached skill level 5 in Shields
    90 | D        | Reached skill level 5 in Unarmed Combat
    90 | D        | Reached skill level 5 in Spellcasting
    90 | D        | Reached skill level 5 in Evocations
    90 | D        | Reached XP level 7. HP: 58/63 MP: 3/15
   103 | D        | Entered arena 4.
   103 | D        | Noticed a slime creature
   103 | D        | Noticed a slime creature
   103 | D        | Noticed a slime creature
   103 | D        | Found a transporter.
   108 | D        | Killed a slime creature
   109 | D        | Killed a slime creature
   109 | D        | Reached **** piety under Kikubaaqudgha
   110 | D        | Reached skill level 5 in Conjurations
   110 | D        | Reached skill level 5 in Hexes
   110 | D        | Reached skill level 5 in Summonings
   110 | D        | Reached skill level 5 in Necromancy
   110 | D        | Reached skill level 5 in Translocations
   110 | D        | Reached skill level 5 in Transmutations
   110 | D        | Reached skill level 5 in Fire Magic
   110 | D        | Reached skill level 5 in Ice Magic
   110 | D        | Reached skill level 5 in Air Magic
   110 | D        | Reached skill level 5 in Earth Magic
   110 | D        | Reached skill level 5 in Poison Magic
   110 | D        | Reached XP level 8. HP: 61/71 MP: 6/17
   112 | D        | Killed a slime creature
   115 | D        | Got the ring "Cura" {rF+ Int+6}
   121 | D        | Entered arena 5.
   121 | D        | Found a transporter.
   124 | D        | Paralysed by a floating eye for 3 turns
   125 | D        | Reached ***** piety under Kikubaaqudgha
   129 | D        | Got the amulet "Pedghybaj" {Fragile rC+ rN+ Regen+ Str+3}
   136 | D        | Entered arena 6.
   136 | D        | Noticed a wretched star
   136 | D        | Noticed an orange demon
   136 | D        | Found a transporter.
   141 | D        | Killed an orange demon
   144 | D        | Killed a wretched star
   145 | D        | Reached skill level 10 in Fighting
   145 | D        | Reached skill level 10 in Maces & Flails
   145 | D        | Reached skill level 10 in Dodging
   145 | D        | Reached XP level 9. HP: 63/78 MP: 12/20
   156 | D        | Entered arena 7.
   157 | D        | Found a transporter.
   160 | D        | Reached ****** piety under Kikubaaqudgha
   188 | D        | Entered arena 8.
   188 | D        | Noticed a merfolk
   188 | D        | Noticed a wind drake
   188 | D        | Noticed a cyclops
   188 | D        | Noticed a merfolk
   189 | D        | Found a transporter.
   193 | D        | Killed a wind drake
   194 | D        | Killed a cyclops
   199 | D        | Killed a merfolk
   200 | D        | Reached XP level 10. HP: 56/86 MP: 22/22
   206 | D        | Got the amulet "Hero's Friend" {Faith Str+3 Int+2 SInv}
   219 | D        | Entered arena 9.
   219 | D        | Noticed Jigiec the pandemonium lord
   219 | D        | Noticed Zoafem the pandemonium lord
   220 | D        | Reached XP level 11. HP: 69/93 MP: 22/24
   223 | D        | HP: 4/93 [Jigiec the pandemonium lord/bolt of dispelling
                  | energy (22)]
   224 | D        | Killed from afar by Jigiec the pandemonium lord

Illustrated notes

Levels and vault maps discovered:
D:        sprint_v [room_start, room_1, room_2, room_3, room_4, room_5, room_6,
          room_7, room_8, room_9, room_10, room_11, room_12, room_13, room_14,
          room_15, room_16, room_17, room_18, room_19, room_20, room_21,
          room_22, room_23, room_24, room_25, room_26, room_27]

Skill      XL: |  1  2  3  4  5  6  7  8  9 10 |
---------------+-------------------------------+-----
Short Blades   | 1 4 5 6 7 8 9 |  9.0
Long Blades    | 1 4 5 6 7 8 9 |  9.0
Axes           | 1 4 5 6 7 8 9 |  9.0
Polearms       | 1 4 5 6 7 8 9 |  9.0
Staves         | 1 4 5 6 7 8 9 |  9.0
Ranged Weapons | 1 4 5 6 7 8 9 |  9.0
Throwing       | 1 4 5 6 7 8 9 |  9.0
Armour         | 1 4 5 6 7 8 9 |  9.0
Stealth        | 1 4 5 6 7 8 9 |  9.0
Shields        | 1 4 5 6 7 8 9 |  9.0
Unarmed Combat | 1 4 5 6 7 8 9 |  9.0
Spellcasting   | 1 4 5 6 7 8 9 |  9.0
Conjurations   | 1 3 4 5 6 7 |  7.5
Hexes          | 1 3 4 5 6 7 |  7.5
Summonings     | 1 3 4 5 6 7 |  7.5
Necromancy     | 1 3 4 5 6 7 |  7.5
Translocations | 1 3 4 5 6 7 |  7.5
Transmutations | 1 3 4 5 6 7 |  7.5
Fire Magic     | 1 3 4 5 6 7 |  7.5
Ice Magic      | 1 3 4 5 6 7 |  7.5
Air Magic      | 1 3 4 5 6 7 |  7.5
Earth Magic    | 1 3 4 5 6 7 |  7.5
Poison Magic   | 1 3 4 5 6 7 |  7.5
Invocations    | 2 4 6 8 9 |  9.9
Evocations     | 1 4 5 6 7 8 9 |  9.0
Fighting       | 7 8 9 10 11 | 11.1
Maces & Flails | 7 8 9 10 11 | 11.1
Dodging        | 7 8 9 10 11 | 11.1

Action                     |  1- 3 |  4- 6 |  7- 9 | 10-12 || total
---------------------------+-------+-------+-------+-------++-------
  Melee: Broad axe         |     6 |     3 |    25 |     3 ||    37
         Bite              |       |       |     1 |       ||     1
    Use: Potion            |       |       |     1 |     2 ||     3
   Stab: Distracted        |       |       |     2 |       ||     2
 Armour: Plate armour      |    10 |       |    22 |     2 ||    34
  Dodge: Dodged            |       |       |     5 |       ||     5
  Block: Kite shield       |    15 |     6 |    43 |     3 ||    67

Table legend: (Time is in decaauts)
 A = Elapsed time spent in this place.
 B = Non-inter-level travel time spent in this place.
 C = Inter-level travel time spent in this place.
 D = Time resting spent in this place.
 E = Time spent auto-exploring this place.
 F = Levels seen in this place.
 G = Mean time per level.
                   A        B        C        D        E       F      G
               +--------+--------+--------+--------+--------+-----+--------+
         Total |    239 |    239 |      0 |      0 |      0 |   1 |  239.0 |
       Dungeon |    239 |    239 |      0 |      0 |      0 |   1 |  239.0 |
               +--------+--------+--------+--------+--------+-----+--------+

Top non-repeatable levels by time:
       D: 239 daAuts
